Map: Lockdown LE

Players

SialicAcid

  • Race: Terran Terran
  • League: Diamond

리저브 - Winner!

  • Race: Zerg Zerg

VOD

Have the link to the VOD?

Description

Time

  • Played on: Sept. 22, 2026, 8:51 p.m.
  • Length: 8:52
Show
View Real Time Build Order
Export as new Build Order

SialicAcid Terran 

Build Orders: Reaper Expand, Hellion Banshee 

Get SALT Encoding   

  12  0:00  SCV  
  13  0:12  SCV  
  14  0:17  Supply Depot  
  14  0:24  SCV  
  15  0:39  SCV  
  15  0:40  Barracks  
  16  0:43  Refinery  
  16  0:51  SCV  
  17  1:03  SCV  
  18  1:15  SCV  
  19  1:26  Reaper  
  19  1:28  Orbital Command  
  20  1:40  Command Center  
  20  1:51  Supply Depot  
  20  1:55  SCV  
  20  1:59  Marine  
  22  2:05  Factory  
  22  2:10  SCV  
  23  2:25  Barracks Reactor  
  23  2:26  SCV  
  24  2:38  SCV  
  24  2:40  Command Center  
  27  2:56  Orbital Command  
  27  2:57  Refinery  
  25  3:00  SCV  
  28  3:05  Hellion  
  28  3:06  Hellion  
  30  3:14  Starport  
  30  3:15  SCV  
  31  3:22  SCV  
  32  3:27  Hellion  
  32  3:29  Hellion  
  36  3:35  SCV x2  
  36  3:36  Barracks Tech Lab  
  38  3:47  SCV  
  39  3:49  Hellion  
  39  3:50  Hellion  
  39  3:51  SCV  
  39  3:54  Orbital Command  
  44  3:59  Banshee  
  44  4:01  SCV  
  48  4:03  SCV  
  49  4:12  Barracks Tech Lab  
  49  4:17  Barracks  
  49  4:19  SCV x3  
  52  4:24  Factory Reactor  
  52  4:26  Barracks  
  52  4:36  Cloaking Field  
  52  4:40  SCV x3  
  52  4:42  Banshee  
  58  4:46  Refinery  
  58  4:47  Refinery  
  58  4:49  Stimpack  
  58  4:55  SCV  
  58  4:56  Engineering Bay x2, SCV  
  58  4:58  Supply Depot  
  58  4:59  Marine  
  61  5:19  Marine x3  
  61  5:20  SCV x3  
  68  5:23  Supply Depot  
  67  5:32  SCV x3  
  67  5:33  Marine  
  69  5:37  Supply Depot x2  
  69  5:44  SCV  
  69  5:46  Marine x2  
  69  5:49  Supply Depot  
  72  5:51  Supply Depot  
  72  5:52  Terran Infantry Weapons Level 1, Barracks  
  72  5:53  Barracks  
  72  5:55  Terran Infantry Armor Level 1  
  72  6:09  Marine x5  
  72  6:11  Orbital Command  
  77  6:15  Supply Depot  
  77  6:17  SCV x2  
  79  6:18  Starport Reactor  
  79  6:22  Siege Tank  
  82  6:26  Marine  
  82  6:27  Marine x2, Armory  
  82  6:29  Combat Shield  
  82  6:30  Marine  
  72  6:47  SCV x3  
  72  6:50  Marine x3  
  72  6:51  Barracks Reactor x2  
  78  6:54  Siege Tank  
  78  6:58  Marine  
  78  6:59  Medivac x2, SCV  
  83  7:13  SCV x3  
  83  7:14  Marine x3  
  88  7:16  Marine  
  89  7:25  SCV x3  
  89  7:26  Command Center  
  89  7:29  Siege Tank  
  95  7:30  Marine x3  
  98  7:41  Medivac x2, Marine  
  98  7:42  Marine x3  
  106  7:44  Supply Depot  
  106  7:48  SCV x2  
  106  7:49  SCV  
  109  7:52  Factory  
  109  7:57  Marine  
  109  7:58  Marine x4  
  114  8:10  Marine x2  
  114  8:11  Marine x2, Siege Tank  
  121  8:19  Barracks  
  114  8:20  Barracks  
  114  8:24  Marine  
  106  8:34  Engineering Bay  
  106  8:35  Engineering Bay  
Show
View Real Time Build Order
Export as new Build Order

리저브 Zerg - Winner!

Build Orders: Hatch First 

Get SALT Encoding   

  12  0:00  Drone  
  13  0:12  Overlord  
  13  0:17  Drone  
  14  0:30  Drone x2  
  16  0:46  Hatchery  
  16  0:49  Drone  
  16  0:53  Drone  
  17  0:57  Drone  
  18  1:07  Extractor  
  17  1:13  Spawning Pool  
  17  1:15  Drone  
  17  1:20  Drone  
  18  1:27  Drone  
  19  1:40  Drone  
  20  1:49  Drone  
  21  1:59  Zergling x2  
  21  2:00  Zergling x2, Queen x2  
  27  2:09  Overlord  
  27  2:11  Drone  
  27  2:13  Metabolic Boost  
  28  2:28  Drone x2  
  30  2:35  Hatchery  
  29  2:37  Drone  
  30  2:45  Drone  
  30  2:48  Queen  
  33  2:53  Overlord  
  33  2:58  Drone x2  
  35  3:05  Overlord  
  35  3:06  Drone  
  35  3:11  Drone x3  
  40  3:12  Drone  
  40  3:15  Drone  
  41  3:21  Drone  
  41  3:25  Queen  
  44  3:30  Drone x2  
  46  3:35  Queen  
  48  3:41  Zergling x2  
  48  3:42  Zergling x6  
  48  3:47  Drone x2  
  54  3:55  Drone x2  
  56  3:56  Drone x2  
  56  3:59  Overlord  
  56  4:01  Overlord  
  58  4:10  Overlord  
  58  4:12  Overlord  
  58  4:16  Queen  
  58  4:19  Drone  
  58  4:20  Drone x3  
  58  4:21  Queen  
  66  4:25  Drone  
  66  4:29  Drone  
  66  4:31  Drone  
  69  4:34  Drone  
  69  4:36  Drone x5  
  69  4:38  Drone  
  76  4:39  Evolution Chamber  
  76  4:40  Drone, Evolution Chamber  
  76  4:41  Drone x2  
  76  4:44  Drone  
  78  4:45  Overlord  
  78  4:50  Extractor  
  78  4:52  Extractor  
  76  4:54  Drone x2  
  76  4:56  Drone  
  76  4:57  Extractor  
  76  4:59  Lair  
  78  5:00  Drone  
  79  5:08  Zerg Ground Armor Level 1  
  79  5:14  Spore Crawler  
  79  5:15  Spore Crawler  
  79  5:16  Hatchery, Spore Crawler  
  79  5:18  Drone  
  79  5:20  Drone x2  
  78  5:23  Drone  
  79  5:30  Drone x9  
  79  5:34  Drone  
  89  5:38  Zerg Melee Weapons Level 1  
  89  5:47  Zergling x14  
  96  5:54  Drone x2  
  98  5:57  Overlord  
  98  5:58  Spore Crawler  
  98  6:02  Overlord  
  97  6:04  Hatchery, Overlord  
  97  6:10  Overlord x2, Baneling Nest  
  96  6:13  Overseer  
  95  6:20  Drone  
  95  6:21  Drone x5  
  95  6:23  Zergling x2, Drone x2  
  95  6:24  Infestation Pit  
  95  6:25  Zergling x4  
  105  6:28  Zergling x4  
  105  6:32  Zergling x2  
  108  6:36  Zergling x2  
  108  6:37  Zergling x2  
  108  6:38  Zergling x6  
  108  6:39  Zergling x2  
  114  6:43  Zergling x2  
  114  6:45  Zergling x2  
  114  6:46  Hatchery  
  113  6:50  Zergling x10  
  113  6:54  Zergling x2  
  119  6:58  Hatchery  
  118  7:03  Hatchery  
  118  7:05  Zergling x2  
  118  7:06  Zergling x12  
  118  7:08  Hive, Zergling x2  
  117  7:10  Centrifugal Hooks  
  117  7:13  Drone x2  
  116  7:15  Extractor  
  116  7:16  Extractor  
  116  7:21  Drone  
  116  7:22  Drone x7  
  122  7:23  Zergling x2  
  122  7:24  Zergling x2, Queen  
  122  7:29  Zergling x2  
  127  7:33  Zergling x4  
  127  7:36  Zergling x2  
  128  7:38  Zergling x4  
  128  7:39  Zergling x2  
  128  7:41  Overlord  
  128  7:42  Zergling x2  
  132  7:45  Zergling x2  
  132  7:50  Zergling x10  
  132  7:51  Zergling x4  
  140  7:54  Baneling x19  
  140  7:55  Overlord  
  140  7:56  Overlord  
  140  7:57  Overlord  
  140  7:58  Pneumatized Carapace, Overlord  
  140  8:03  Zergling x2  
  140  8:05  Zergling x4  
  143  8:07  Zergling x2  
  143  8:08  Zergling x2  
  143  8:09  Zergling x2  
  143  8:10  Zergling x2  
  147  8:15  Zergling x8  
  147  8:16  Zergling x4  
  147  8:17  Zergling x4  
  147  8:18  Zergling x4  
  147  8:19  Zergling x2  
  156  8:20  Zergling x2  
  156  8:21  Zergling x6  
  156  8:24  Zergling x2  
  156  8:25  Zergling x2  
  161  8:29  Zergling x4  
  161  8:30  Zergling x4  
  161  8:31  Zergling x2  
  165  8:34  Zergling x6  
  165  8:37  Ultralisk Cavern  
Tags
 
Add a new tag
Caveats
  • Supply blocks, unpowered buildings, or Contaminate may cause inaccurate times.
  • Supply counts are checked every 10 seconds.